 Dungeon Crawl Stone Soup version 0.28.0-53-g5a82cb258f (webtiles) character file.

Game seed: 1805571537175568857

149591 Peloso the Tortoise (level 16, -7/155 HPs)
             Began as a Minotaur Fighter on July 21, 2022.
             Was a High Priest of Okawaru.
             Killed from afar by Nikola (68 damage)
             ... with an arc of chain lightning
             ... on level 1 of the Elven Halls.
             The game lasted 01:32:15 (35024 turns).

Peloso the Tortoise (Minotaur Fighter)             Turns: 35024, Time: 01:32:16

Health: -7/155     AC: 36    Str: 32    XL:     16   Next: 96%
Magic:  26/26      EV: 13    Int:  5    God:    Okawaru [*****.]
Gold:   2346       SH: 23    Dex: 12    Spells: 15/15 levels left

rFire   + + .      SeeInvis .   a - +3 falchion (elec)
rCold   . . .      Faith    .   e - +1 tower shield {AC+3}
rNeg    + . .      Spirit   .   v - +3 plate armour {rF+}
rPois   +          Reflect  .   h - +1 hat
rElec   .          Harm     .   T - +0 cloak {rPois}
rCorr   .          Rampage  .   V - +1 pair of gloves "Perouj" {rN+}
Will    +....                   g - +1 pair of boots {Stlth+}
Stlth   ..........              N - amulet of regeneration
HPRegen 1.15/turn               l - ring of flight
MPRegen 0.20/turn               K - ring of the Seven Smoking Gods {rF+ MP+9 Str+5}

@: heroic, flying
A: horns 2, retaliatory headbutt
a: Renounce Religion, Heroism, Finesse, Duel


You were on level 1 of the Elven Halls.
You worshipped Okawaru.
Okawaru was extremely pleased with you.
You visited 7 branches of the dungeon, and saw 27 of its levels.
You visited the Abyss 1 time.

You collected 3289 gold pieces.
You spent 943 gold pieces at shops.

Inventory:

Hand Weapons
 a - a +3 falchion of electrocution (weapon)
 b - a +0 whip of flaming
 c - a +1 demon blade of draining
Armour
 e - a +1 tower shield of protection (worn)
 g - a +1 pair of boots of stealth (worn)
 h - a +1 hat (worn)
 v - a +3 plate armour of fire resistance (worn)
 T - a +0 cloak of poison resistance (worn)
 V - the +1 pair of gloves "Perouj" (worn) {rN+}
   (You bought it in a shop on level 2 of the Orcish Mines)

   rN:        It protects you from negative energy.
Jewellery
 i - a ring of wizardry
 j - a ring of protection from fire
 l - a ring of flight (left hand)
 m - a ring of wizardry
 G - a +4 ring of slaying
 J - a ring of resist corrosion
 K - the ring of the Seven Smoking Gods (right hand) {rF+ MP+9 Str+5}
   (You bought it in a shop on level 2 of the Orcish Mines)

   [ring of magical power]

   Str:       It affects your strength (+5).
   rF:        It protects you from fire.
   MP:        It affects your magic capacity (+9).
 N - an amulet of regeneration (around neck)
Wands
 k - a wand of iceblast (3)
 n - a wand of digging (3)
Scrolls
 s - 9 scrolls of teleportation
 y - 7 scrolls of magic mapping
 z - 9 scrolls of fear
 C - a scroll of blinking
 M - 4 scrolls of immolation
 R - 10 scrolls of identify
 Y - 2 scrolls of noise
Potions
 d - 2 potions of might
 f - a potion of curing
 w - a potion of resistance
 I - 5 potions of haste
 O - 3 potions of invisibility
 X - a potion of berserk rage


   Skills:
 + Level 17.2(22.2) Fighting
 + Level 18.2(23.2) Long Blades
 + Level 4.1(9.1) Maces & Flails
 + Level 19.2(24.2) Armour
 + Level 6.2(11.2) Dodging
 + Level 1.6(6.6) Stealth
 + Level 18.3(23.3) Shields
 + Level 3.2 Invocations
 + Level 0.2 Evocations


You had 15 spell levels left.
You didn't know any spells.
Your spell library contained the following spells:

 Spells                   Type           Power      Damage    Failure   Level
 Apportation              Tloc           0%         N/A       94%         1
 Freeze                   Ice            0%         1d3       94%         1
 Magic Dart               Conj           0%         1d3       94%         1
 Pain                     Necr           0%         1d4       94%         1
 Shock                    Conj/Air       0%         1d3       94%         1
 Searing Ray              Conj           0%         2d4       98%         2
 Sublimation of Blood     Necr           0%         N/A       98%         2
 Wereblood                Tmut           0%         N/A       98%         2
 Dazzling Flash           Conj/Hex       0%         N/A       100%        3
 Frozen Ramparts          Ice            0%         1d2       100%        3
 Swiftness                Air            0%         N/A       100%        3
 Vampiric Draining        Necr           0%         2d6       100%        3
 Airstrike                Air            0%         N/A       100%        4
 Cause Fear               Hex            0%         N/A       100%        4
 Fulminant Prism          Conj/Hex       0%         3d6       100%        4
 Hailstorm                Conj/Ice       0%         3d3       100%        4
 Ice Form                 Ice/Tmut       0%         N/A       100%        4
 Iskenderun's Mystic Bla  Conj/Tloc      0%         2d3       100%        4
 Olgreb's Toxic Radiance  Pois           0%         N/A       100%        4
 Alistair's Intoxication  Tmut/Pois      0%         N/A       100%        5
 Freezing Cloud           Conj/Ice/Air   0%         6-21      100%        5
 Starburst                Conj/Fire      0%         6d3       100%        6
 Dragon Form              Tmut           0%         N/A       100%        7
 Ozocubu's Refrigeration  Ice            0%         4d5       100%        7
 Ignition                 Fire           0%         3d3       100%        8
 Polar Vortex             Ice            0%         N/A       100%        9
 Animate Skeleton         Necr           Unusable   N/A       N/A         1
 Summon Small Mammal      Summ           Unusable   N/A       N/A         1
 Call Canine Familiar     Summ           Unusable   N/A       N/A         3
 Summon Guardian Golem    Hex/Summ       Unusable   N/A       N/A         3
 Summon Ice Beast         Ice/Summ       Unusable   N/A       N/A         4
 Simulacrum               Ice/Necr       Unusable   N/A       N/A         6
 Summon Hydra             Summ           Unusable   N/A       N/A         7
 Dragon's Call            Summ           Unusable   N/A       N/A         9

Dungeon Overview and Level Annotations

Branches:
Dungeon (15/15)            Temple (1/1) D:5            Lair (6/6) D:11
 Shoals (1/4) Lair:3        Snake (1/4) Lair:4        Slime (0/5) Lair:5
    Orc (2/2) D:12            Elf (1/3) Orc:2        Vaults (0/5) D:14
 Depths (0/4) D:15

Altars:
Ashenzari
Cheibriados
Dithmenos
Elyvilon
Fedhas
Gozag
Hepliaklqana
Kikubaaqudgha
Makhleb
Nemelex Xobeh
Okawaru
Qazlal
Ru
Sif Muna
Trog
Uskayaw
Vehumet
Wu Jian
Xom
Yredelemnul
Zin
The Shining One
Beogh
Jiyva

Shops:
D:3 [   Orc:2 [*?[   Elf:1 ?**

Annotations:
Lair:6 Casa
Elf:1 Nikola


Innate Abilities, Weirdness & Mutations

You have a pair of horns on your head.
You reflexively headbutt those who attack you in melee.


Message History

Nikola is moderately wounded.
Nikola mumbles some strange words.
Lightning arcs from Nikola's hands!
The bolt of lightning hits the deep elf archer!!!!
The deep elf archer dies!
A bolt of lightning appears from out of thin air!
The bolt of lightning hits Nikola!
The bolt of lightning hits you!!!
The bolt of lightning hits the deep elf knight!!
The bolt of lightning hits the deep elf zephyrmancer!!
You hear a shout! x3
You barely miss Nikola.
Nikola is moderately wounded.
An orc sorcerer comes into view.
It is wielding a +0 dagger and wearing a +1 robe of cold resistance.
Unknown command.
You hit Nikola. Lightning courses through Nikola!! You headbutt Nikola!
Nikola is heavily wounded.
Nikola hits you with a +2 rapier of electrocution!
You closely miss Nikola. You headbutt Nikola!
Nikola is severely wounded.
Nikola warns, "If you see one of my golems, approach with caution, they bite."
You block Nikola's attack.
You slash Nikola! Your headbutt misses Nikola.
Nikola is severely wounded.
You barely miss Nikola. You headbutt Nikola!
Nikola is severely wounded.
You block Nikola's attack.
You slash Nikola!
Nikola is severely wounded.
Nikola mumbles some strange words.
Lightning arcs from Nikola's hands!
The bolt of lightning hits the deep elf knight!!!!
The deep elf knight dies!
A bolt of lightning appears from out of thin air!
The bolt of lightning hits Nikola!
The bolt of lightning hits the deep elf zephyrmancer!!!
The deep elf zephyrmancer dies!
The bolt of lightning hits the orc sorcerer!!!
The orc sorcerer dies!
The bolt of lightning hits you!!!
You die...

#.#*,**,,,,**,** *,*
#..,,#,,,,,,**,****+*** #
#.##.#,,,,,,***+*,,,,,**
#######....#*,,,,*****,,.,,,,**
)##.).#.##.#**,,** *,,,ee,,,,,*
#'..[>.....# **** *,#..,*,,,,***
#).⌠.⌠..#### **..#.#,,,,,+,,
..⌠...⌠..##########)...∩.,,,,,***
.....)...'......@@))..#,*,,,,,*
..⌠...⌠..###########.#...*,,,**
...⌠.⌠..## *,,,,,,,,*+**
##.....'#* *******+***,**
##...##.#* *,* **,* #'###*#.#****
*,* **, #.* *#.#*,** *,* ** #.*
*#+,,,** *,* * #.* **,,,,,** *,*


You could see Nikola.

Vanquished Creatures
  A lich (Abyss:2)
  Gastronok (Lair:2)
  3 tentacled starspawn (Abyss:2)
  2 orc warlords (Orc:2)
  The ghost of kulik242 the Brawler, a journeyman TrMo of Gozag (Orc:1)
  2 dire elephants (Lair:6)
  Snorg (Lair:3)
  2 merfolk impalers (Shoals:1)
  9 hydras
  4 boulder beetles
  4 naga warriors (Snake:1)
  5 vault guards (D:14)
  The ghost of H0rd4k the Basher, a journeyman HuAr of Gozag (D:11)
  An anaconda (Snake:1)
  5 centaur warriors
  An ogre mage (D:15)
  A merfolk aquamancer (Shoals:1)
  A catoblepas (Lair:5)
  11 two-headed ogres
  A dancing weapon (Elf:1)
  14 death yaks
  4 tengu warriors
  A spectral dire elephant (Lair:6)
  2 thrashing horrors (Abyss:2)
  Urug (D:12)
  5 orc high priests
  3 naga sharpshooters (Snake:1)
  2 deep elf knights (Elf:1)
  A wretched star (Abyss:2)
  A skeletal warrior (D:14)
  A naga ritualist (Snake:1)
  6 sea snakes
  A large abomination (Abyss:2)
  2 lindwurms
  A spectral anaconda (Lair:6)
  A phantasmal warrior (D:14)
  The ghost of gnacko the Geomancer, a novice GrEE of Vehumet (D:7)
  An obsidian statue (Lair:6)
  4 deep elf archers (Elf:1)
  8 orc knights
  4 necromancers
  3 wizards
  5 deep elf zephyrmancers (Elf:1)
  10 deep elf pyromancers
  2 oklob plants (Lair:5)
  4 orc sorcerers
  5 harpies (Shoals:1)
  7 manticores
  3 fauns (Shoals:1)
  7 ugly things
  4 cyclopes
  A moth of wrath (D:11)
  2 merfolk sirens (Shoals:1)
  Maurice (D:9)
  A salamander (Snake:1)
  A water nymph (Shoals:1)
  2 worldbinders (Abyss:2)
  8 elephants
  14 black mambas
  A guardian serpent (Snake:1)
  2 gargoyles
  5 naga magi (Snake:1)
  A torpor snail (Lair:3)
  14 cane toads
  A rime drake (shapeshifter) (D:15)
  2 rime drakes
  2 centaur skeletons (D:15)
  2 freezing wraiths
  5 komodo dragons
  2 tengu conjurers (D:14)
  A kobold demonologist (D:12)
  3 meliai (D:15)
  3 merfolk (Shoals:1)
  9 trolls
  A wolf spider simulacrum (D:15)
  2 wind drakes (Shoals:1)
  Prince Ribbit (Lair:3)
  17 slime creatures
  3 polar bears
  11 blink frogs
  A spectral elephant (Lair:6)
  A meliai zombie (D:11)
  A dire elephant simulacrum (Lair:6)
  5 water elementals
  4 wraiths
  A vampire (D:10)
  A ynoxinul (Abyss:2)
  3 shadows
  89 yaks
  4 fire bats (Abyss:2)
  4 wyverns
  2 humans (D:14)
  Grum (D:8)
  6 vampire mosquitoes
  2 basilisks
  A redback (D:11)
  A chaos spawn (Abyss:2)
  2 steam dragons
  A neqoxec (Abyss:2)
  2 spectral cane toads (Lair:6)
  3 death yak simulacra (Lair:6)
  Edmund (D:4)
  6 wargs
  10 nagas (Snake:1)
  11 water moccasins
  An acid dragon (D:12)
  43 orc warriors
  5 sky beasts
  A black bear (D:7)
  2 elephant zombies (Lair:6)
  21 ogres
  A necrophage (D:8)
  2 small abominations (Abyss:2)
  4 phantoms
  17 centaurs
  18 wolves
  An elephant skeleton (Lair:6)
  3 kobold brigands
  15 bullfrogs
  A wyvern zombie (D:7)
  A gnoll sergeant (D:10)
  A scorpion (D:6)
  A cane toad simulacrum (Lair:6)
  3 howler monkeys
  12 killer bees
  A wight (D:7)
  4 electric eels
  5 centaur zombies
  A lava snake (Lair:6)
  A bullfrog zombie (D:6)
  A jelly (D:7)
  A bullfrog skeleton (D:7)
  3 hounds
  30 orc priests
  4 iguanas
  An iron imp (Abyss:2)
  20 orc wizards
  Natasha (thrice) (D:2)
  A hound zombie (D:5)
  2 hound skeletons (D:4)
  A howler monkey zombie (D:9)
  14 gnolls
  3 adders
  A shadow imp (D:7)
  A white imp (D:8)
  An ufetubus (D:6)
  An adder skeleton (D:4)
  A worm (D:5)
  A dart slug (D:2)
  89 orcs
  5 ball pythons
  2 endoplasms
  4 giant cockroaches
  6 hobgoblins
  7 jackals
  14 kobolds
  6 quokkas
  2 bats (D:2)
  8 frilled lizards
  6 goblins
  3 rats
859 creatures vanquished.

Vanquished Creatures (others)
  A deep elf knight (Elf:1)
  A deep elf archer (Elf:1)
  A deep elf zephyrmancer (Elf:1)
  An orc sorcerer (Elf:1)
  An orc priest (Orc:2)
  A gnoll (Temple)
  An orc (Orc:1)
  14 fungi
  25 plants
  8 starspawn tentacles (Abyss:2)
  12 withered plants (Lair:6)
66 creatures vanquished.

Grand Total: 925 creatures vanquished

Notes
Turn   | Place    | Note
-------+----------+-------------------------------------------
     0 | D:1      | Peloso the Minotaur Fighter began the quest for the Orb.
     0 | D:1      | Reached XP level 1. HP: 19/19 MP: 0/0
   115 | D:1      | Reached XP level 2. HP: 25/27 MP: 1/1
   137 | D:1      | Found a faded altar of an unknown god.
   381 | D:1      | Reached skill level 4 in Armour
   683 | D:1      | Reached XP level 3. HP: 29/33 MP: 2/2
  1210 | D:2      | Reached skill level 1 in Dodging
  1243 | D:1      | Reached XP level 4. HP: 10/40 MP: 3/3
  1735 | D:2      | Noticed Natasha
  1753 | D:2      | Killed Natasha
  1776 | D:2      | Noticed Natasha
  1783 | D:2      | Killed Natasha
  1784 | D:2      | Reached XP level 5. HP: 20/46 MP: 4/4
  1897 | D:2      | Noticed Natasha
  1906 | D:2      | Killed Natasha
  2561 | D:3      | Found Kumutuc's Armour Emporium.
  3143 | D:4      | Found a blossoming altar of Fedhas.
  3148 | D:4      | Reached skill level 5 in Armour
  3219 | D:4      | Noticed Edmund
  3237 | D:4      | Killed Edmund
  3238 | D:4      | Reached skill level 5 in Long Blades
  3238 | D:4      | Reached XP level 6. HP: 22/53 MP: 5/5
  3795 | D:5      | Entered Level 5 of the Dungeon
  3864 | D:5      | Noticed a sky beast
  3874 | D:5      | Killed a sky beast
  3875 | D:5      | Reached XP level 7. HP: 50/60 MP: 6/6
  3964 | D:5      | Reached skill level 6 in Armour
  3987 | D:5      | Found a staircase to the Ecumenical Temple.
  4016 | Temple   | Entered the Ecumenical Temple
  4948 | D:5      | Reached skill level 7 in Armour
  5133 | D:5      | Reached skill level 5 in Fighting
  5133 | D:5      | Reached XP level 8. HP: 43/68 MP: 7/7
  5419 | D:5      | Reached skill level 5 in Shields
  5702 | D:6      | Reached skill level 8 in Armour
  5981 | D:6      | Reached skill level 9 in Armour
  5990 | D:6      | Reached XP level 9. HP: 33/75 MP: 8/8
  6467 | D:6      | Reached skill level 10 in Long Blades
  7029 | D:7      | Noticed gnacko's ghost (novice GrEE)
  7033 | D:7      | Found a transporter.
  7059 | D:7      | Reached skill level 10 in Armour
  7180 | D:7      | Found a transporter.
  7372 | D:7      | Found a snail-covered altar of Cheibriados.
  7503 | D:7      | Noticed a gargoyle
  7614 | D:7      | Found a broken altar of Ashenzari.
  8248 | D:8      | Found a sparkling altar of Nemelex Xobeh.
  8739 | D:8      | Noticed a troll
  8747 | D:8      | Killed a troll
  8748 | D:8      | Reached skill level 1 in Stealth
  8814 | D:8      | Found a radiant altar of Vehumet.
  8913 | D:8      | Reached XP level 10. HP: 84/84 MP: 9/9
  8948 | D:8      | Reached skill level 11 in Armour
  9316 | D:8      | Found a shimmering altar of Xom.
  9316 | D:8      | Found an iron altar of Okawaru.
  9321 | D:8      | Found a glowing silver altar of Zin.
  9323 | D:8      | Became a worshipper of Warmaster Okawaru
  9327 | D:8      | Found a shadowy altar of Dithmenos.
  9330 | D:8      | Found a glowing golden altar of the Shining One.
  9333 | D:8      | Found a hide-covered altar of Uskayaw.
  9408 | D:8      | Found a shimmering blue altar of Sif Muna.
  9462 | D:9      | Noticed Grum
  9660 | D:8      | Killed Grum
 10071 | D:9      | Reached * piety under Okawaru
 10591 | D:10     | Entered Level 10 of the Dungeon
 10629 | D:10     | Noticed Maurice
 10630 | D:10     | Noticed a two-headed ogre
 10666 | D:9      | Killed Maurice
 10956 | D:10     | Killed a two-headed ogre
 10956 | D:10     | Reached ** piety under Okawaru
 11002 | D:10     | Noticed a gargoyle
 11019 | D:10     | Killed a gargoyle
 11033 | D:10     | Reached skill level 12 in Armour
 11033 | D:10     | Reached XP level 11. HP: 50/94 MP: 10/10
 12118 | D:10     | You are sucked into a shaft and drop 1 floor!
 12384 | D:11     | Found a staircase to the Lair.
 12419 | D:11     | Reached *** piety under Okawaru
 13111 | D:10     | Found a stormy altar of Qazlal.
 13182 | D:11     | Noticed a two-headed ogre
 13192 | D:11     | Killed a two-headed ogre
 13192 | D:11     | Reached **** piety under Okawaru
 13197 | D:11     | Reached skill level 13 in Armour
 13203 | D:11     | Received a gift from Okawaru
 13516 | D:11     | Found a transporter.
 13519 | D:11     | Noticed H0rd4k's ghost (journeyman HuAr)
 13520 | D:11     | Noticed an orc knight
 13563 | D:11     | Killed an orc knight
 13912 | D:11     | Found a transporter.
 14611 | Lair:1   | Entered Level 1 of the Lair of Beasts
 15200 | Lair:1   | Reached skill level 10 in Fighting
 15200 | Lair:1   | Reached XP level 12. HP: 83/106 MP: 11/11
 15521 | Lair:1   | Reached ***** piety under Okawaru
 15522 | Lair:1   | Reached skill level 14 in Armour
 15685 | Lair:2   | Noticed a death yak
 15719 | Lair:2   | Noticed a death yak
 15721 | Lair:2   | Noticed a death yak
 15721 | Lair:2   | Noticed a death yak
 15722 | Lair:2   | Noticed a death yak
 15748 | Lair:1   | Killed a death yak
 15757 | Lair:1   | Killed a death yak
 15806 | Lair:1   | Killed a death yak
 15806 | Lair:1   | Received a gift from Okawaru
 15819 | Lair:1   | Killed a death yak
 15828 | Lair:1   | Killed a death yak
 15977 | Lair:2   | Reached skill level 15 in Long Blades
 16126 | Lair:2   | Noticed Gastronok
 16142 | Lair:2   | Killed Gastronok
 16143 | Lair:2   | Reached skill level 15 in Armour
 16575 | Lair:3   | Noticed a boulder beetle
 16584 | Lair:3   | Noticed a five-headed hydra
 16589 | Lair:3   | Killed a boulder beetle
 16590 | Lair:3   | Reached skill level 5 in Dodging
 16590 | Lair:3   | Reached skill level 1 in Invocations
 16604 | Lair:3   | Killed a five-headed hydra
 16649 | Lair:3   | Noticed Snorg
 16664 | Lair:3   | Killed Snorg
 16725 | Lair:3   | Noticed Prince Ribbit
 16728 | Lair:3   | Reached skill level 1 in Maces & Flails
 16737 | Lair:3   | Killed Prince Ribbit
 16766 | Lair:3   | Reached XP level 13. HP: 116/116 MP: 11/13
 16882 | Lair:3   | Reached skill level 10 in Shields
 17081 | Lair:3   | Found a staircase to the Shoals.
 17111 | Lair:3   | Received a gift from Okawaru
 17658 | D:12     | Found a staircase to the Orcish Mines.
 18460 | D:12     | Received a gift from Okawaru
 18677 | D:12     | Noticed Urug
 18696 | D:12     | Killed Urug
 19186 | Orc:1    | Entered Level 1 of the Orcish Mines
 19292 | D:12     | Reached skill level 16 in Armour
 19869 | Orc:1    | Found a runed translucent gate.
 19869 | Orc:1    | Found a runed translucent gate.
 19869 | Orc:1    | Found a runed translucent gate.
 19876 | Orc:1    | Noticed kulik242's ghost (journeyman TrMo)
 20216 | Orc:2    | Entered Level 2 of the Orcish Mines
 20564 | Orc:2    | Reached XP level 14. HP: 129/129 MP: 14/14
 20894 | Orc:2    | Found Zeab's Antique Armour Shoppe.
 20916 | Orc:2    | Bought a pair of ichor-stained gloves for 294 gold pieces
 20916 | Orc:2    | Identified the +1 pair of gloves "Perouj" {rN+} (You bought
                  | it in a shop on level 2 of the Orcish Mines)
 21037 | Orc:2    | Found Fehosebi's Assorted Antiques.
 21060 | Orc:2    | Bought a translucent bronze ring for 135 gold pieces
 21060 | Orc:2    | Identified the ring of the Seven Smoking Gods {rF+ MP+9
                  | Str+5} (You bought it in a shop on level 2 of the Orcish
                  | Mines)
 21062 | Orc:2    | Bought a scroll labelled QIBUUJ JILE for 27 gold pieces
 21062 | Orc:2    | Bought a scroll labelled IZXIAG APSUETUN for 27 gold pieces
 21116 | Orc:2    | Noticed an orc warlord
 21132 | Orc:2    | Killed an orc warlord
 21219 | Orc:2    | Received a gift from Okawaru
 21512 | Orc:2    | Found a staircase to the Elven Halls.
 21764 | Orc:2    | Noticed an orc warlord
 21787 | Orc:2    | Killed an orc warlord
 22138 | Orc:2    | Found Upauqeyng's Magic Scroll Boutique.
 22203 | Orc:2    | Bought a scroll of magic mapping for 52 gold pieces
 22203 | Orc:2    | Bought a scroll of fog for 30 gold pieces
 22346 | Orc:2    | Found Sexzooda's Antique Armour Shop.
 22788 | D:13     | Identified the +5 quarterstaff "Yhipteholi" {vamp, rF-
                  | Will+++ Int-3 Stlth+}
 22797 | D:13     | Identified the +4 hand crossbow "Dothrove" {freeze, rF+
                  | rC+}
 22978 | D:13     | Reached ****** piety under Okawaru
 23136 | D:14     | Received a gift from Okawaru
 23835 | D:14     | Reached skill level 17 in Armour
 23980 | D:14     | Found a gate to the Vaults.
 24002 | D:14     | Reached XP level 15. HP: 75/139 MP: 15/15
 24461 | D:15     | Entered Level 15 of the Dungeon
 24675 | Lair:4   | Identified the -5 pair of gloves of the Sea {+Blink Int+2
                  | Dex+4} (Okawaru gifted it to you on level 4 of the Lair of
                  | Beasts)
 24675 | Lair:4   | Received a gift from Okawaru
 24730 | Lair:4   | Found a staircase to the Snake Pit.
 25084 | Lair:4   | Reached skill level 15 in Shields
 25697 | Lair:5   | Reached skill level 15 in Fighting
 26261 | Lair:5   | Found a staircase to the Slime Pits.
 26531 | Lair:6   | Entered Level 6 of the Lair of Beasts
 26645 | Lair:6   | Received a gift from Okawaru
 27762 | Lair:6   | Reached skill level 18 in Armour
 27905 | Lair:6   | Identified the +1 rapier of the Unspeakable One {vorpal,
                  | MP+9}
 28316 | D:7      | Killed gnacko's ghost
 28641 | D:11     | Killed H0rd4k's ghost
 28766 | Orc:1    | Killed kulik242's ghost
 29207 | D:15     | Reached XP level 16. HP: 91/151 MP: 17/17
 29210 | D:15     | Identified the +10 eveningstar "Keiwuigo" {venom, rPois rN+
                  | Stlth+} (Okawaru gifted it to you on level 15 of the
                  | Dungeon)
 29210 | D:15     | Received a gift from Okawaru
 29465 | D:15     | Paralysed by an ogre mage for 4 turns
 29904 | D:15     | Found a stormy altar of Qazlal.
 30726 | D:15     | Cast into level 2 of the Abyss (a wizard)
 30761 | Abyss:2  | Noticed a tentacled starspawn
 30773 | Abyss:2  | Killed a tentacled starspawn
 30810 | Abyss:2  | Gained mutation: You sometimes lose the ability to read
                  | scrolls when taking damage. [a neqoxec]
 30820 | Abyss:2  | Noticed a lich
 30836 | Abyss:2  | Killed a lich
 30964 | Abyss:2  | Noticed a tentacled starspawn
 30966 | Abyss:2  | Noticed a tentacled starspawn
 30979 | Abyss:2  | Found a bloodstained altar of Trog.
 31004 | Abyss:2  | Killed a tentacled starspawn
 31022 | Abyss:2  | Killed a tentacled starspawn
 31046 | D:15     | Escaped the Abyss
 31145 | D:15     | Found a staircase to the Depths.
 31342 | Lair:6   | Lost mutation: You sometimes lose the ability to read
                  | scrolls when taking damage. [potion of mutation]
 31342 | Lair:6   | Gained mutation: You are frail. (-10% HP) [potion of
                  | mutation]
 31342 | Lair:6   | Lost mutation: You are frail. (-10% HP) [potion of
                  | mutation]
 31589 | Orc:2    | Bought a glowing scarf for 248 gold pieces
 31665 | Orc:2    | Bought a scroll of magic mapping for 52 gold pieces
 31862 | Shoals:1 | Entered Level 1 of the Shoals
 31953 | Shoals:1 | HP: 5/151 [manticore (17)]
 32220 | Shoals:1 | Identified the +3 ring mail of the Gusle {rC- Str+5 Int+6}
                  | (Okawaru gifted it to you on level 1 of the Shoals)
 32220 | Shoals:1 | Received a gift from Okawaru
 33119 | Snake:1  | Entered Level 1 of the Snake Pit
 34218 | Snake:1  | Reached skill level 19 in Armour
 34560 | Elf:1    | Entered Level 1 of the Elven Halls
 34869 | Elf:1    | Found Ufala's Magic Scroll Shoppe.
 34869 | Elf:1    | Found Raletat's General Store.
 34881 | Elf:1    | Bought a scroll of teleportation for 39 gold pieces
 34881 | Elf:1    | Bought a scroll of teleportation for 39 gold pieces
 34961 | Elf:1    | Identified the +2 robe of Maexih {Fly rC- Dex-4 SInv}
                  | (Okawaru gifted it to you on level 1 of the Elven Halls)
 34961 | Elf:1    | Received a gift from Okawaru
 35000 | Elf:1    | Found Faowouc's Assorted Antiques.
 35000 | Elf:1    | Noticed Nikola
 35024 | Elf:1    | Killed from afar by Nikola

Illustrated notes

Levels and vault maps discovered:
D:1:      minmay_arrival_arboretum_small, layout_basic,
          dreamdust_ecumenical_altar_angels_and_demons,
          chequers_decorated_corner, kennysheep_another_room,
          chequers_mini_garden
D:2:      layout_loops_ring, uniq_natasha
D:3:      layout_loops_cross, serial_shops, nicolae_shop_statue_plus
D:4:      layout_loops_ring, fedhas_altar_2, uniq_edmund
D:5:      layout_basic, minmay_temple_entry_butterflies
D:6:      layout_loops_ring
D:7:      kennysheep_spiral_hall, layout_basic,
          mainiacjoe_overflow_small_starburst, mainiacjoe_overflow_boulevard,
          nzn_ghost_randoct
D:8:      layout_basic, nemelex_altar_shiori,
          mainiacjoe_overflow_six_doors_small,
          nicolae_overflow_hallway_of_the_gods, lemuel_blue_sif_altar,
          minivault_4
D:9:      layout_rooms, kennysheep_generic_room_13, uniq_grum
D:10:     lemuel_troll_bridge, layout_cave_pools, kennysheep_mini_moat,
          uniq_maurice
D:11:     layout_long_grid, lair_entry_dummy, gammafunk_ghost_berserking_beasts,
          st_stairs_7
D:12:     four-leaf_vault, layout_cave_pods, orc_0_dummy, uniq_urug
D:13:     layout_basic
D:14:     layout_cave_pods, grunt_vaults_entry_fortified,
          nicolae_elevator_lobby_plus
D:15:     grunt_enter_depths_magical_seal, layout_basic, grunt_qazlal_clouds
Temple:   pf_slime_end_temple
Lair:1:   layout_loops_ring, grunt_megastairs_4
Lair:2:   layout_misc_corridors, serial_bayou_ford_a, serial_bayou_shore_a,
          uniq_gastronok
Lair:3:   layout_chaotic_city, elwin_shoals_entry_rooms, st_stairs_13,
          uniq_prince_ribbit2, uniq_snorg
Lair:4:   layout_gridlike, dummy_snake_entry, grunt_megastairs_1
Lair:5:   layout_regular_city, minmay_slime_entry_oklob_enclosed,
          lemuel_fruit_fields, serial_bayou_shore_b
Lair:6:   due_jungle_book, layout_gridlike, serial_bayou_pond_a
Shoals:1: layout_shoals
Snake:1:  layout_gridlike, guppyfry_snake_island, grunt_megastairs_2,
          serial_bayou_shore_b
Orc:1:    layout_caves, ebering_ghost_rock_garden, minmay_orc_keep
Orc:2:    pubby_orc_utopia, serial_shops
Elf:1:    eino_elf_arrival_the_gate, layout_geoelf_diagonals, serial_shops,
          shop, nicolae_shop_advertising_works [nicolae_subvault_shop_adworks],
          shop, hangedman_elf_represent, uniq_nikola

Skill      XL: |  1  2  3  4  5  6  7  8  9 10 11 12 13 14 15 16 |
---------------+-------------------------------------------------+-----
Fighting       | 4 5 6 8 10 11 13 14 16 17 | 17.2
Shields        | 4 5 6 7 9 12 14 16 18 | 18.3
Armour         | 4 5 7 9 10 12 13 15 16 17 18 19 | 19.2
Long Blades    | 3 4 5 6 7 9 11 13 14 15 16 17 18 | 18.2
Dodging        | 1 2 3 4 5 6 |  6.2
Stealth        | 1 |  1.6
Invocations    | 1 2 3 |  3.2
Maces & Flails | 1 2 4 |  4.1
Evocations     | |  0.2

Action                   |  1- 3 |  4- 6 |  7- 9 | 10-12 | 13-15 | 16-18 || total
-------------------------+-------+-------+-------+-------+-------+-------++-------
Melee: Long sword        |    98 |    81 |       |       |       |       ||   179
       Headbutt          |     9 |    15 |    47 |   166 |   542 |   195 ||   974
       Falchion          |       |    33 |   262 |   708 |  1898 |   726 ||  3627
       Whip              |       |       |       |    13 |    76 |       ||    89
Invok: Heroism           |       |       |       |    10 |    29 |    12 ||    51
Evoke: Wand              |       |       |       |     3 |       |     5 ||     8
  Use: Scroll            |     3 |     2 |     5 |    10 |     7 |     3 ||    30
       Potion            |       |       |       |     1 |       |     4 ||     5
Armor: Scale mail        |    43 |    35 |       |       |       |       ||    78
       Chain mail        |       |    17 |   122 |       |       |       ||   139
       Plate armour      |       |       |     2 |   303 |   813 |   338 ||  1456
Dodge: Dodged            |    48 |    59 |    77 |   285 |   582 |   234 ||  1285
Block: Buckler           |    23 |    29 |    45 |   104 |       |       ||   201
       Kite shield       |       |       |       |   100 |  1052 |   407 ||  1559
       Tower shield      |       |       |       |       |       |   165 ||   165
